 Dungeon Crawl Stone Soup version 0.31-a0-236-g9a0961fb85 (webtiles) character file.

Game seed: 16594768418929730117

263 qw the Shooter (level 6, -1/36 HPs)
             Began as a Gargoyle Hexslinger on July 10, 2023.
             Slain by a cerulean imp
             ... wielding a +2 spear
             ... summoned by Natasha
              (5 damage)
             ... on level 3 of the Dungeon.
             The game lasted 00:01:09 (1745 turns).

qw the Shooter (Gargoyle Hexslinger)                Turns: 1745, Time: 00:01:10

Health: -1/36      AC: 10    Str: 11    XL:     6   Next: 19%
Magic:  7/7        EV: 10    Int: 14    God:
Gold:   122        SH:  0    Dex: 14    Spells: 6/7 levels left

rFire   . . .        Y - +1 sling
rCold   . . .        (no shield)
rNeg    + . .        f - +0 ring mail
rPois   inf          j - +0 helmet
rElec   +            (no cloak)
rCorr   .            (no gloves)
SInv    .            (no boots)
Will    .....        (no amulet)
Stlth   +            (no ring)
HPRegen 0.26/turn    (no ring)
MPRegen 0.10/turn

%: no passive effects
@: slowed, very slow
A: sickness immunity, AC +4, negative energy resistance 1, electricity
resistance, torment resistance 1, petrification resistance
a: no special abilities


You were on level 3 of the Dungeon.
You visited 1 branch of the dungeon, and saw 3 of its levels.

You collected 122 gold pieces.


Innate Abilities, Weirdness & Mutations

You are immune to sickness and miasma.
Your stone body is resilient. (AC +4)
You are immune to poison.
You resist negative energy. (rN+)
You are resistant to electric shocks. (rElec)
You are resistant to unholy torment.
You are immune to petrification.


   Skills:
 + Level 2.9 Fighting
 - Level 5.3 Ranged Weapons
 - Level 2.0 Armour
 - Level 1.5 Dodging
 - Level 1.0 Spellcasting
 - Level 2.6 Hexes


You had 6 spell levels left.
You knew the following spells:

 Your Spells              Type           Power      Damage    Failure   Level
a - Slow                  Hex            32%        N/A       21%         1

Your spell library contained the following spells:

 Spells                   Type           Power      Damage    Failure   Level
 Inner Flame              Hex/Fire       4%         N/A       71%         3
 Portal Projectile        Hex/Tloc       8%         N/A       71%         3
 Cause Fear               Hex            4%         N/A       90%         4

Inventory:

Hand Weapons
 Y - a +1 sling (weapon)
Armour
 c - a +0 cloak
 f - a +0 ring mail (worn)
 j - a +0 helmet (worn)
Scrolls
 g - a scroll of identify
Potions
 a - a potion of mutation {unknown}
 b - a potion of degeneration {unknown}
 e - 2 potions of haste
 h - a potion of might

Dungeon Overview and Level Annotations

Branches:
Dungeon (3/15)

Altars:

Annotations:
D:3 Natasha


Message History

The cerulean imp hits you but does no damage.
The orc hits you with a +0 hand axe.
You shoot a sling bullet. The sling bullet hits Natasha.
Natasha is heavily wounded.
Natasha casts a spell at you. You resist with some effort.
The cerulean imp hits you but does no damage.
The orc barely misses you. Natasha casts a spell at you.
You resist with some effort.
The cerulean imp hits you but does no damage.
You shoot a sling bullet. The sling bullet barely misses Natasha.
The orc hits you with a +0 hand axe. Natasha barely misses you.
The cerulean imp barely misses you.
You shoot a sling bullet. The sling bullet hits Natasha.
Natasha is heavily wounded.
The orc closely misses you.
Natasha stares at you and mumbles some strange words.
You feel yourself slow down.
The cerulean imp hits you but does no damage.
The orc hits you with a +0 hand axe.
You shoot a sling bullet.
The sling bullet hits Natasha but does no damage.
Natasha is heavily wounded.
Natasha claws you but does no damage. The cerulean imp closely misses you.
The orc barely misses you.
Natasha mumbles some strange words.
The cerulean imp hits you from afar with a +0 spear.
You shoot a sling bullet. The sling bullet hits Natasha.
Natasha is heavily wounded.
The orc hits you but does no damage. Natasha barely misses you.
The cerulean imp closely misses you. The cerulean imp barely misses you.
The orc hits you but does no damage. Natasha claws you but does no damage.
The cerulean imp misses you.
The cerulean imp hits you from afar with a +2 spear.
You shoot a sling bullet. The sling bullet barely misses Natasha.
The orc hits you with a +0 hand axe. Natasha claws you!
The cerulean imp hits you but does no damage.
The cerulean imp hits you from afar with a +2 spear.
You die...

.....## #.# #.# .....## #
#.# #.# ..)...# .# #.# #.#
......# .##.# #.# ..).).#
..####.#.#########.# ##.##B#
...................#
#.##.%.).....##5.#########.#
#.#######... #.#.##### #.#
..# # #@h...... ..# #
#....[o..###### ###
#..[...5## #...?.### ##...#
####


You could see Natasha, 2 cerulean imps and an orc.

Vanquished Creatures
  2 orc priests (D:3)
  Ijyb (D:3)
  2 orc wizards (D:3)
  6 adders
  2 worms
  3 dart slugs (D:2)
  4 orcs
  8 endoplasms
  2 giant cockroaches
  9 goblins
  4 hobgoblins
  2 jackals (D:1)
  A quokka (D:1)
  10 ball pythons
  6 bats
  5 frilled lizards
  4 kobolds
  4 rats (D:2)
75 creatures vanquished.

Notes
Turn   | Place    | Note
-------+----------+-------------------------------------------
     0 | D:1      | qw the Gargoyle Hexslinger began the quest for the Orb.
     0 | D:1      | Reached XP level 1. HP: 12/12 MP: 2/2
     0 | D:1      | 0 ||| qw: Version: 0.3-a-52-g30416fa
     0 | D:1      | 0 ||| qw: Game counter: 4924
     0 | D:1      | 0 ||| qw: Melee chars always use a shield: true
     0 | D:1      | 0 ||| qw: God list: Okawaru
     0 | D:1      | 0 ||| qw: Allow faded altars: false
     0 | D:1      | 0 ||| qw: Do Orc after clearing Dungeon:15 true
     0 | D:1      | 0 ||| qw: Do second Lair branch before Depths: true
     0 | D:1      | 0 ||| qw: Lair rune preference: random
     0 | D:1      | 0 ||| qw: Goals: Normal
     0 | D:1      | 0 ||| PLANNING D:1-11
    86 | D:1      | Reached XP level 2. HP: 16/16 MP: 3/3
    89 | D:1      | 89 ||| Stepping ~*~*~tactically~*~*~ (outnumbered).
   134 | D:1      | Reached skill level 3 in Ranged Weapons
   267 | D:1      | Reached XP level 3. HP: 21/21 MP: 4/4
   436 | D:1      | 436 ||| UPGRADING to +0 helmet.
   441 | D:1      | 441 ||| READING scroll labelled ARAOCEU YSTRUNG.
   444 | D:1      | 444 ||| READING 4 scrolls labelled SUV XUGEULLYTH.
   445 | D:1      | 445 ||| READING scroll labelled ORCHUI DEUCWY.
   446 | D:1      | 446 ||| READING scroll labelled JYMOEM YTWOF.
   447 | D:1      | 447 ||| DRINKING 2 fuming emerald potions.
   448 | D:1      | 448 ||| READING 3 scrolls of identify.
   448 | D:1      | 448 ||| IDENTIFYING brown potion
   449 | D:1      | 449 ||| READING 2 scrolls of identify.
   449 | D:1      | 449 ||| IDENTIFYING sedimented purple potion
   450 | D:1      | 450 ||| DROPPING scroll of poison.
   451 | D:1      | 451 ||| DROPPING potion of invisibility.
   749 | D:2      | Reached XP level 4. HP: 26/26 MP: 5/5
   950 | D:2      | Reached skill level 4 in Ranged Weapons
  1227 | D:2      | 1227 ||| UPGRADING to +0 ring mail.
  1237 | D:2      | 1237 ||| DROPPING +0 robe.
  1238 | D:2      | 1238 ||| READING scroll labelled YGYLOA FAQOC.
  1239 | D:2      | 1239 ||| READING scroll labelled IRASIE HETAD.
  1240 | D:2      | 1240 ||| DRINKING 3 purple potions.
  1241 | D:2      | 1241 ||| READING 4 scrolls of identify.
  1241 | D:2      | 1241 ||| IDENTIFYING glowing yellow potion
  1242 | D:2      | 1242 ||| READING 3 scrolls of identify.
  1242 | D:2      | 1242 ||| IDENTIFYING orange potion
  1243 | D:2      | 1243 ||| READING 2 scrolls of identify.
  1243 | D:2      | 1243 ||| IDENTIFYING cyan potion
  1244 | D:2      | 1244 ||| DROPPING potion of magic.
  1245 | D:2      | 1245 ||| DROPPING potion of lignification.
  1287 | D:3      | Reached XP level 5. HP: 30/30 MP: 6/6
  1330 | D:3      | 1330 ||| DRINKING 2 potions of curing.
  1330 | D:3      | 1330 ||| (to cure confusion)
  1333 | D:3      | 1333 ||| Stepping ~*~*~tactically~*~*~ (outnumbered).
  1335 | D:3      | 1335 ||| DRINKING potion of curing.
  1335 | D:3      | 1335 ||| (to cure confusion)
  1349 | D:3      | HP: 2/30 [orc priest/+0 war axe (7)]
  1350 | D:3      | 1350 ||| DRINKING potion of heal wounds.
  1356 | D:3      | HP: 7/30 [orc priest/+0 war axe (3)]
  1357 | D:3      | Reached skill level 5 in Ranged Weapons
  1357 | D:3      | 1357 ||| READING scroll of teleportation.
  1412 | D:3      | Noticed Ijyb
  1417 | D:3      | Reached XP level 6. HP: 24/35 MP: 7/7
  1418 | D:3      | Paralysed by Ijyb for 2 turns
  1423 | D:3      | Paralysed by Ijyb for 5 turns
  1435 | D:3      | Paralysed by Ijyb for 4 turns
  1446 | D:3      | Paralysed by Ijyb for 2 turns
  1450 | D:3      | Killed Ijyb
  1732 | D:3      | Noticed Natasha
  1735 | D:3      | Identified the +0 robe "Enekojae" {rC+++ Regen+ Int-5}
  1745 | D:3      | HP: 4/36 [Natasha (7)]
  1745 | D:3      | Slain by a cerulean imp

Levels and vault maps discovered:
D:1:      lightli_arrival_flooded_house, layout_rooms,
          chequers_serial_rivers_small_a, due_unseen_surprise
D:2:      minmay_alternating_diamond, layout_basic,
          shapermc_ecumenical_altar_petra, minmay_fractal_squares_gapless_5
D:3:      layout_loops_ring, uniq_natasha, uniq_ijyb

Skill      XL: |  1  2  3  4  5 |
---------------+----------------+-----
Ranged Weapons | 3 4 5 |  5.3
Fighting       | 2 |  2.9
Armour         | 2 |  2.0
Dodging        | |  1.5
Spellcasting   | |  1.0
Hexes          | |  2.6

Action                     |  1- 3 |  4- 6 || total
---------------------------+-------+-------++-------
   Fire: Sling             |   117 |   193 ||   310
    Use: Scroll            |     6 |     6 ||    12
         Potion            |     1 |     4 ||     5
 Armour: Robe              |    17 |     7 ||    24
         Ring mail         |       |    75 ||    75
  Dodge: Dodged            |    47 |    72 ||   119

Table legend:
 A = Non-vault XP
 B = Vault XP
 C = Vault XP percentage of total XP
 D = Non-vault monster count
 E = Vault monster count
 F = Vault count percentage of total count
                 A         B        C        D         E       F
            +---------+---------+-------+---------+---------+-------
      Total |     309 |      67 |  17.8 |      65 |      10 |  13.3
            +---------+---------+-------+---------+---------+-------
        D:1 |      41 |       0 |   0.0 |      25 |       0 |   0.0
        D:2 |      47 |      31 |  39.7 |      19 |       9 |  32.1
        D:3 |     221 |      36 |  14.0 |      21 |       1 |   4.5
            +---------+---------+-------+---------+---------+-------
